 Dungeon Crawl Stone Soup version 0.23.2-40-g277498a001 (webtiles) character file.

Game seed: 18445497972139614496

28 MalarOregon the Grave Robber (level 3, 0/28 HPs)
             Began as a Draconian Necromancer on Sept 10, 2019.
             Hit by a stone thrown by a kobold (2 damage)
             ... on level 1 of the Dungeon.
             The game lasted 00:01:35 (1162 turns).

MalarOregon the Grave Robber (DrNe)                 Turns: 1162, Time: 00:01:36

Health: 0/28       AC:  5    Str: 10    XL:     3   Next: 0%
Magic:  0/6        EV: 12    Int: 16    God:
Gold:   28         SH:  0    Dex: 11    Spells: 5/6 levels left

rFire    . . .     SeeInvis .   a - +0 mace
rCold    . . .     Gourm    .   (no shield)
rNeg     . . .     Faith    .   (armour unavailable)
rPois    .         Spirit   .   (helmet restricted)
rElec    .         Reflect  .   (no cloak)
rCorr    .         Harm     .   (no gloves)
MR       .....                  (no boots)
Stlth    ++........             (no amulet)
HPRegen  0.09/turn              (no ring)
MPRegen  0.10/turn              (no ring)

@: very slightly contaminated
A: unfitting armour, cold-blooded, AC +5
a: no special abilities


You were on level 1 of the Dungeon.
You were not hungry.

You visited 1 branch of the dungeon, and saw 1 of its levels.

You collected 28 gold pieces.

Inventory:

Hand Weapons
 a - a +0 mace (weapon)
   (You found it on level 1 of the Dungeon)
Scrolls
 b - 3 scrolls of remove curse {unknown}
 c - a scroll of magic mapping {unknown}
Potions
 d - a potion of lignification {!q}
Comestibles
 e - 2 rations {!d}


   Skills:
 + Level 1.2 Fighting
 + Level 2.2 Dodging
 - Level 1.7 Stealth
 + Level 2.3 Spellcasting
 + Level 4.2 Necromancy


You had 5 spell levels left.
You knew the following spells:

 Your Spells              Type           Power        Failure   Level  Hunger
a - Pain                  Necr           ###.         3%          1    #......

Your spell library contained the following spells:

 Spells                   Type           Power        Failure   Level  Hunger
 Animate Skeleton         Necr           N/A          3%          1    #......
 Vampiric Draining        Necr           ###.......   11%         3    ###....
 Regeneration             Chrm/Necr      #.........   26%         3    ###....
 Animate Dead             Necr           N/A          34%         4    #####..


Dungeon Overview and Level Annotations

Branches:
Dungeon (1/15)

Altars:


Innate Abilities, Weirdness & Mutations

Your plain brown scales are hard. (AC +5)
You cannot fit into any form of body armour.
You are cold-blooded and may be slowed by cold attacks.


Message History

You kill the leopard gecko!
Aim: a rat (chance to defeat MR: 85%)
The rat writhes in agony.
You kill the rat!
Aim: a rat (chance to defeat MR: 85%)
The rat writhes in agony.
The rat bites you.
* * * LOW HITPOINT WARNING * * *
Aim: a rat (heavily wounded, chance to defeat MR: 85%)
The rat writhes in agony.
You kill the rat!
You see here a leopard gecko corpse.
You butcher the leopard gecko corpse.
f - a chunk of flesh You see here a leopard gecko skeleton.
There isn't anything to butcher here.
There isn't anything to butcher here.
You start resting.
Eating a chunk of flesh.
You eat the chunk of flesh.
A hobgoblin comes into view.
A hobgoblin is nearby!
Aim: a hobgoblin (hasn't noticed you, chance to defeat MR: 85%)
The hobgoblin shouts!
The hobgoblin barely resists.
You hear a shout!
Aim: a hobgoblin (chance to defeat MR: 85%)
The hobgoblin writhes in agony.
You barely miss the hobgoblin. The hobgoblin misses you.
You barely miss the hobgoblin. You tail-slap the hobgoblin.
The hobgoblin closely misses you.
Aim: a hobgoblin (severely wounded, chance to defeat MR: 85%)
You miscast Pain.
You are very lightly contaminated with residual magic.
Nothing appears to happen.
The hobgoblin hits you.
* * * LOW HITPOINT WARNING * * *
A kobold comes into view.
You closely miss the hobgoblin. The hobgoblin hits you.
* * * LOW HITPOINT WARNING * * *
The hobgoblin hits you but does no damage.
You barely miss the hobgoblin. The hobgoblin closely misses you.
You closely miss the hobgoblin.
Your tail-slap misses the hobgoblin.
The hobgoblin closely misses you.
You barely miss the hobgoblin. The hobgoblin barely misses you.
Aim: a hobgoblin (severely wounded, chance to defeat MR: 85%)
The hobgoblin writhes in agony.
You kill the hobgoblin!
You have reached level 3!
Your experience leads to an increase in your attributes!
Increase (S)trength, (I)ntelligence, or (D)exterity?
You feel clever.
Your scales feel tougher.
The kobold throws a stone.
The stone hits you.
You die...

###..##
####)...##...####.
#....# #............#
###.## #.##....#....#
#.### #.##....#....#
##.#.###.##....#.......
#.....##.##.#..#...####
##.<.###.####..#...#
#....###.####..#.#.#
#....#..@..........#
....#####.#####.#.
...(.# #K# #######
###.#####.> #..........
###.#####.. #.# #รท#
#..(.#


You could see a kobold.

Vanquished Creatures
  2 dart slugs (D:1)
  A leopard gecko (D:1)
  3 bats (D:1)
  2 goblins (D:1)
  2 hobgoblins (D:1)
  3 jackals (D:1)
  6 frilled lizards (D:1)
  2 kobolds (D:1)
  4 rats (D:1)
25 creatures vanquished.

Notes
Turn   | Place    | Note
-------+----------+-------------------------------------------
     0 | D:1      | MalarOregon the Draconian Necromancer began the quest for
                  | the Orb.
     0 | D:1      | Reached XP level 1. HP: 14/14 MP: 3/3
   250 | D:1      | Reached XP level 2. HP: 16/22 MP: 0/5
   660 | D:1      | Reached skill level 1 in Fighting
   675 | D:1      | HP: 1/23 [hobgoblin/+0 club (2)]
  1161 | D:1      | Reached XP level 3. HP: 3/28 MP: 0/6
  1162 | D:1      | Hit by a stone thrown by a kobold

Skill      XL: |  1  2 |
---------------+-------+-----
Dodging        | 2 |  2.2
Fighting       | 1 |  1.2
Stealth        | |  1.7
Spellcasting   | |  2.3
Necromancy     | |  4.2

Action                   || total
-------------------------++-------
Melee: Unarmed           ||    41
       Tailslap          ||     3
       Mace              ||    12
 Cast: Pain              ||    34
  Use: Potion            ||     1
 Stab: Sleeping          ||     1
  Eat: Chunk             ||     1
Armor: Skin              ||    26
Dodge: Dodged            ||    49
